 Dungeon Crawl Stone Soup version 0.24.0-37-gcf1ca852f1 (webtiles) character file.

Game seed: 5060836544338174011, levelgen mode: deterministic

205 Cryoshakespeare the Magician (level 5, -6/35 HPs)
             Began as a Mummy Wizard on Dec 2, 2019.
             Mangled by a bullfrog (8 damage)
             ... on level 4 of the Dungeon.
             The game lasted 00:08:42 (3987 turns).

Cryoshakespeare the Magician (Mummy Wizard)         Turns: 3987, Time: 00:08:42

Health: -6/35      AC:  4    Str: 10    XL:     5   Next: 53%
Magic:  1/11       EV: 12    Int: 18    God:
Gold:   185        SH:  0    Dex: 11    Spells: 1/12 levels left

rFire    x . .     SeeInvis .   a - +0 trident
rCold    + . .     Gourm    .   (no shield)
rNeg     + + +     Faith    .   m - +0 robe
rPois    ∞         Spirit   .   b - +0 hat
rElec    .         Reflect  .   f - +0 cloak
rCorr    .         Harm     .   (no gloves)
MR       .....                  j - +0 pair of boots
Stlth    ++........             (no amulet)
HPRegen  0.11/turn              (no ring)
MPRegen  0.12/turn              (no ring)

@: no status effects
A: no food or potions, fire vulnerability, cold resistance 1, negative energy
resistance 3, torment resistance, unbreathing
a: no special abilities


You were on level 4 of the Dungeon.
You were not hungry.

You visited 1 branch of the dungeon, and saw 4 of its levels.

You collected 185 gold pieces.

Inventory:

Hand Weapons
 a - a +0 trident (weapon)
Armour
 b - a +0 hat (worn)
 f - a +0 cloak (worn)
 j - a +0 pair of boots (worn)
 m - a +0 robe (worn)
Jewellery
 c - an uncursed ring of protection from cold {unknown}
 e - an uncursed ring of stealth {unknown}
 q - an uncursed ring of stealth {unknown}
Scrolls
 d - 2 scrolls of noise {unknown}
 g - 5 scrolls of identify {unknown}
 h - 2 scrolls of enchant armour {unknown}
 i - 4 scrolls of remove curse {unknown}
 k - a scroll of amnesia {unknown}
 l - 2 scrolls of fear {unknown}
 n - a scroll of blinking {unknown}
 o - a scroll of magic mapping {unknown}
 p - 2 scrolls of fog {unknown}


   Skills:
 - Level 1.5 Dodging
 - Level 1.5 Stealth
 - Level 4.0 Spellcasting
 + Level 2.4 Conjurations
 - Level 2.0 Summonings
 - Level 2.0 Translocations
 + Level 0.9 Fire Magic
 + Level 1.9 Air Magic


You had one spell level left.
You knew the following spells:

 Your Spells              Type           Power        Failure   Level  Hunger
a - Magic Dart            Conj           ##..         5%          1    N/A
b - Blink                 Tloc           N/A          10%         2    N/A
c - Call Imp              Summ           ##......     10%         2    N/A
d - Mephitic Cloud        Conj/Pois/Air  #.......     24%         3    N/A
e - Conjure Flame         Conj/Fire      #.......     22%         3    N/A

Your spell library contained the following spells:

 Spells                   Type           Power        Failure   Level  Hunger
 Animate Skeleton         Necr           N/A          14%         1    N/A
 Pain                     Necr           #...         14%         1    N/A
 Slow                     Hex            #.......     22%         2    N/A
 Vampiric Draining        Necr           #.........   41%         3    N/A
 Animate Dead             Necr           N/A          82%         4    N/A
 Regeneration             Chrm/Necr      Unusable     N/A         3    N/A

Dungeon Overview and Level Annotations

Branches:
Dungeon (4/15)
 Temple: D:4-7

Altars:
Elyvilon
Okawaru
Ru
Wu Jian


Innate Abilities, Weirdness & Mutations

You do not eat or drink.
Your flesh is vulnerable to fire.
You are immune to poison.
Your flesh is cold resistant. (rC+)
You are immune to negative energy. (rN+++)
You are immune to unholy pain and torment.
You can survive without breathing.


Message History

There is an open door here.
Casting: Call Imp (safe; 10% risk of failure)
Confirm with . or Enter, or press ? or * to list all spells.
A beastly little devil appears in a puff of frigid air.
The bullfrog hits you.
* * * LOW HITPOINT WARNING * * *
The bullfrog barely misses you.
The bullfrog swells and bulges.
Something bites your shadow imp.
You swap places.
The bullfrog hits your white imp. Something misses your shadow imp.
Your shadow imp barely misses the scorpion.
Your white imp misses the bullfrog.
The bullfrog hits your white imp!
Your white imp dies!
Casting: Call Imp (safe; 10% risk of failure)
Confirm with . or Enter, or press ? or * to list all spells.
A beastly little devil appears in a puff of flame.
The bullfrog hits you!
You die...

..........######.#
#.#####....##
............####.#
#....#####.#.
####..).......##.#
####.#####.#.
...####........#.#
#...#...##
......###........#
#####'#'###
........#........#
#........#
........#........##
#........#
...###..##.....#..#
#........#
####.....#....##@.#
#........#
..w......#..###.F.#
#........#
........⌠####.5..##
#........#
.....#####....##s#
#........#
######........#.Z#
#........#
.####...#5######
####...5...#
#....†..#####
#............


You could see a bullfrog, a scorpion, an adder skeleton and 2 friendly crimson
imps.

Vanquished Creatures
  A hound (D:4)
  An adder (D:2)
  An ooze (D:1)
  A worm (D:3)
  2 dart slugs
  A leopard gecko (D:1)
  6 orcs
  3 bats
  2 giant cockroaches
  3 goblins
  8 hobgoblins
  3 quokkas
  5 frilled lizards
  8 kobolds
  8 rats
53 creatures vanquished.

Vanquished Creatures (collateral kills)
  An ogre (D:4)
  A hound (D:4)
  6 adders
  A worm (D:2)
  A leopard gecko (D:3)
  5 orcs (D:3)
  2 hobgoblins (D:2)
  A frilled lizard (D:4)
18 creatures vanquished.

Grand Total: 71 creatures vanquished

Notes
Turn   | Place    | Note
-------+----------+-------------------------------------------
     0 | D:1      | Cryoshakespeare the Mummy Wizard began the quest for the
                  | Orb.
     0 | D:1      | Reached XP level 1. HP: 13/13 MP: 5/5
   107 | D:1      | Reached skill level 1 in Conjurations
   431 | D:1      | Reached XP level 2. HP: 19/19 MP: 2/7
   448 | D:1      | Learned a level 2 spell: Blink
   451 | D:1      | Learned a level 2 spell: Call Imp
  1285 | D:2      | Reached skill level 1 in Summonings
  1468 | D:2      | Reached XP level 3. HP: 18/24 MP: 0/8
  1772 | D:2      | Learned a level 3 spell: Mephitic Cloud
  1829 | D:2      | Found a sacrificial altar of Ru.
  1831 | D:2      | Found an iron altar of Okawaru.
  1832 | D:2      | Found an ornate altar of the Wu Jian Council.
  2209 | D:2      | Reached skill level 1 in Translocations
  2433 | D:2      | Reached XP level 4. HP: 30/30 MP: 5/10
  2680 | D:3      | Learned a level 3 spell: Conjure Flame
  2706 | D:3      | Found a white marble altar of Elyvilon.
  2799 | D:3      | Reached skill level 1 in Air Magic
  3475 | D:4      | Noticed an ogre
  3561 | D:4      | Reached XP level 5. HP: 14/35 MP: 7/11
  3612 | D:4      | Killed an ogre
  3982 | D:4      | HP: 1/35 [bullfrog (1)]
  3987 | D:4      | Mangled by a bullfrog

Levels and vault maps discovered:
D:1:      wheals_arrival_linesprint, layout_basic
D:2:      layout_loops_ring, grunt_temple_overflow_diamond
D:3:      layout_rooms, first_ration, elyvilon_altar_4
D:4:      kennysheep_spiral_hall, layout_basic, temple_hall

Skill      XL: |  1  2  3  4  5 |
---------------+----------------+-----
Conjurations   | 1 2 |  2.4
Summonings     | 1 2 |  2.0
Translocations | 1 2 |  2.0
Air Magic      | 1 |  1.9
Dodging        | |  1.5
Stealth        | |  1.5
Spellcasting   | |  4.0
Fire Magic     | |  0.9

Action                   |  1- 3 |  4- 6 || total
-------------------------+-------+-------++-------
Melee: Spear             |    98 |    41 ||   139
       Trident           |       |    38 ||    38
 Cast: Magic Dart        |    71 |    11 ||    82
       Call Imp          |    10 |    28 ||    38
       Blink             |     1 |       ||     1
 Stab: Sleeping          |     4 |     4 ||     8
Armor: Robe              |    29 |    22 ||    51
Dodge: Dodged            |    83 |    59 ||   142
